Map: King Sejong Station LE

Players

DAEDALUS

  • Race: Zerg Zerg
  • League: Bronze
  • Spawn Location: 11:00

Fropez - Winner!

  • Race: Protoss Protoss
  • League: Gold
  • Spawn Location: 5:00

VOD

Have the link to the VOD?

Description

Time

  • Played on: July 12, 2016, 7:10 p.m.
  • Length: 21:52
Show
View Real Time Build Order
Export as new Build Order

DAEDALUS Zerg 

Build Orders: Hatch First, Muta Ling Bane 

Get SALT Encoding   

  12  0:01  Drone  
  13  0:10  Drone  
  14  0:37  Hatchery  
  14  0:38  Drone  
  14  0:45  Overlord  
  14  1:04  Drone  
  15  1:05  Drone  
  15  1:06  Drone  
  17  1:14  Spawning Pool  
  17  1:16  Drone  
  17  1:22  Extractor  
  16  1:28  Drone  
  17  1:37  Drone  
  18  1:47  Drone  
  18  1:51  Drone  
  20  1:58  Drone  
  21  2:02  Queen x2  
  21  2:07  Drone  
  26  2:14  Drone  
  27  2:20  Extractor  
  26  2:26  Baneling Nest, Drone x2  
  27  2:31  Drone  
  27  2:34  Overlord x2  
  28  2:57  Drone x2  
  30  3:00  Drone  
  30  3:02  Zergling x2  
  32  3:19  Drone x3  
  36  3:20  Drone  
  36  3:24  Zergling x4  
  36  3:25  Zergling x6  
  41  3:29  Lair  
  41  3:31  Queen  
  43  3:59  Drone  
  43  4:01  Overlord x4  
  44  4:03  Overlord  
  44  4:07  Metabolic Boost  
  44  4:30  Zergling x6  
  44  4:31  Zergling x12  
  50  4:32  Zergling x6  
  50  4:35  Baneling x5  
  50  4:36  Baneling x2  
  56  4:38  Centrifical Hooks  
  56  5:00  Overseer  
  56  5:17  Extractor x2  
  56  5:19  Drone x2  
  56  5:20  Drone x6  
  56  5:21  Drone  
  63  5:23  Drone  
  64  5:29  Queen  
  64  5:31  Queen  
  64  5:35  Spore Crawler  
  67  5:46  Drone x3  
  70  5:57  Overseer x2  
  70  6:11  Overlord x3  
  68  7:08  Hatchery  
  66  7:24  Spire  
  66  7:25  Spire  
  64  7:53  Spore Crawler  
  63  8:04  Drone x3  
  63  8:05  Drone x6  
  71  8:06  Drone  
  71  8:07  Drone x2  
  75  8:23  Extractor  
  75  8:26  Extractor  
  73  8:38  Mutalisk x5  
  73  8:39  Mutalisk x7  
  73  8:40  Mutalisk  
  99  8:43  Zerg Flyer Armor Level 1, Zerg Flyer Weapons Level 1  
  99  9:07  Drone  
  99  9:08  Drone x2  
  99  9:09  Mutalisk x2  
  102  9:10  Mutalisk x4  
  102  9:14  Overlord x3  
  113  9:47  Pneumatized Carapace  
  113  10:10  Hatchery  
  113  10:11  Extractor  
  113  10:13  Extractor  
  109  10:44  Zerg Flyer Weapons Level 2, Zerg Flyer Armor Level 2  
  109  10:51  Infestation Pit  
  93  11:43  Queen  
  93  11:46  Drone  
  93  11:47  Drone x2  
  98  11:49  Drone x3  
  101  11:54  Hive  
  101  12:06  Spore Crawler  
  100  12:11  Overlord x4  
  95  12:40  Drone x5  
  95  12:41  Drone  
  95  12:42  Drone x2  
  103  12:49  Drone x4  
  107  12:53  Mutalisk  
  107  12:54  Mutalisk x7  
  107  12:55  Mutalisk x6  
  107  12:56  Mutalisk x4  
  143  13:09  Spine Crawler  
  143  13:11  Spine Crawler  
  141  13:13  Spore Crawler  
  141  13:14  Spine Crawler  
  141  13:15  Spine Crawler  
  141  13:18  Drone x2  
  140  13:21  Drone  
  140  13:23  Spine Crawler  
  140  13:25  Spine Crawler  
  125  13:51  Hatchery  
  124  14:25  Spore Crawler  
  124  14:29  Spine Crawler  
  122  14:31  Spine Crawler  
  122  14:37  Drone x2  
  122  14:38  Extractor, Drone  
  120  15:17  Mutalisk x4  
  120  15:18  Mutalisk x7  
  120  15:19  Mutalisk x5  
  152  15:23  Zerg Flyer Weapons Level 3  
  152  15:24  Zerg Flyer Armor Level 3  
  152  15:26  Overlord x2  
  152  15:27  Overlord x5  
  152  15:29  Overlord  
  118  17:14  Mutalisk  
  118  17:15  Mutalisk x7  
  122  17:16  Mutalisk x3  
  134  17:44  Queen  
  134  17:47  Queen  
  134  17:48  Mutalisk  
  134  17:49  Mutalisk x6  
  134  17:50  Mutalisk x2  
  138  18:22  Zergling x10  
  138  18:23  Zergling x10  
  112  18:48  Hatchery  
Show
View Real Time Build Order
Export as new Build Order

Fropez Protoss - Winner!

Build Orders: 1 Gate Expand, Dark Templar Rush 

Get SALT Encoding   

  12  0:25  Assimilator  
  12  0:27  Pylon  
  12  0:29  Probe (Chrono Boost)  
  12  0:30  Pylon  
  13  0:40  Probe (Chrono Boost)  
  14  0:50  Probe (Chrono Boost)  
  14  0:55  Gateway  
  15  1:01  Probe (Chrono Boost)  
  16  1:14  Probe (Chrono Boost)  
  17  1:39  Nexus  
  17  1:49  Cybernetics Core  
  17  1:53  Probe (Chrono Boost)  
  18  2:02  Assimilator  
  18  2:04  Probe (Chrono Boost)  
  19  2:28  Twilight Council, Probe (Chrono Boost)  
  19  2:29  Warp Gate (Chrono Boost)  
  20  2:39  Probe  
  20  2:43  Gateway  
  21  2:49  Pylon  
  21  2:50  Probe  
  22  3:13  Stalker  
  22  3:14  Dark Shrine  
  22  3:15  Probe x2  
  27  3:36  Probe  
  27  3:37  Mothership Core  
  27  3:40  Gateway  
  29  3:47  Stalker  
  31  3:52  Probe  
  31  3:53  Pylon  
  32  4:03  Probe  
  32  4:07  Probe  
  34  4:12  Assimilator  
  34  4:15  Probe  
  34  4:16  Assimilator  
  35  4:18  Probe  
  35  4:21  Pylon  
  36  4:35  Dark Templar x2  
  36  4:36  Dark Templar  
  42  4:43  Probe x2  
  44  5:02  Probe, Gateway  
  44  5:03  Probe  
  44  5:05  Gateway  
  46  5:14  Probe  
  46  5:19  Dark Templar  
  49  5:28  Probe  
  49  5:30  Probe  
  51  5:38  Robotics Facility  
  51  5:46  Dark Templar x2  
  51  5:49  Blink  
  55  5:58  Probe x2  
  55  6:00  Forge  
  57  6:12  Pylon  
  57  6:16  Probe  
  57  6:17  Probe  
  59  6:18  Pylon  
  59  6:34  Protoss Ground Weapons Level 1 (Chrono Boost)  
  59  6:37  Observer  
  58  6:41  Stalker x2  
  58  6:42  Stalker x3  
  68  6:51  Probe  
  68  6:52  Probe  
  70  7:01  Pylon  
  70  7:02  Probe  
  69  7:22  Immortal  
  73  7:24  Stalker x3  
  73  7:25  Stalker x2  
  73  7:27  Probe  
  73  7:28  Probe  
  85  7:53  Nexus  
  85  7:54  Pylon  
  85  7:55  Probe x2  
  87  8:04  Warp Prism  
  89  8:07  Probe x2  
  91  8:16  Dark Templar x3  
  91  8:19  Probe x2, Dark Templar  
  101  8:26  Protoss Ground Weapons Level 2 (Chrono Boost)  
  101  8:31  Probe  
  102  8:35  Pylon  
  102  8:53  Probe x2  
  104  9:02  Photon Cannon  
  104  9:04  Photon Cannon  
  104  9:06  Pylon, Probe  
  104  9:08  Dark Templar x2  
  104  9:09  Assimilator  
  109  9:14  Assimilator  
  109  9:17  Pylon  
  109  9:29  Pylon  
  109  9:32  Gateway  
  109  9:33  Gateway  
  109  9:36  Gateway  
  109  9:37  Gateway  
  109  9:38  Zealot x3  
  115  9:55  Stalker x2  
  117  10:19  Nexus  
  115  10:23  Assimilator  
  115  10:27  Assimilator  
  113  10:29  Dark Templar  
  113  10:30  Dark Templar x4  
  113  10:31  Pylon  
  113  10:32  Pylon  
  121  10:46  Pylon  
  119  11:08  Stalker x5  
  121  11:25  Gateway  
  117  11:28  Pylon  
  117  11:31  Pylon  
  111  11:42  Pylon  
  111  11:43  Photon Cannon  
  111  11:45  Probe x3  
  113  11:51  Pylon  
  114  12:01  Stalker  
  114  12:02  Stalker x3  
  114  12:06  Photon Cannon  
  122  12:11  Photon Cannon  
  122  12:17  Pylon  
  122  12:27  Gateway  
  122  12:28  Gateway  
  116  12:30  Robotics Bay  
  116  12:34  Gateway  
  116  12:36  Gateway x2  
  114  12:42  Pylon  
  114  12:51  Photon Cannon  
  114  12:52  Pylon, Photon Cannon  
  114  12:55  Photon Cannon  
  114  12:56  Pylon  
  114  12:57  Templar Archives  
  115  12:58  Observer  
  115  13:06  Zealot x2  
  115  13:07  Zealot x3  
  115  13:08  Zealot x5  
  136  13:20  Observer  
  119  13:41  Observer  
  117  14:00  High Templar x4  
  117  14:01  High Templar x6  
  136  14:02  Observer  
  136  14:17  Nexus  
  136  14:20  Assimilator  
  136  14:24  Assimilator  
  135  14:25  Protoss Ground Weapons Level 3 (Chrono Boost)  
  135  14:27  Pylon  
  135  14:29  Pylon  
  135  14:31  Pylon  
  135  14:34  Zealot x5  
  135  14:35  Photon Cannon, Zealot x4  
  135  14:36  Zealot  
  154  14:57  Stalker  
  154  14:58  Stalker x5  
  154  14:59  Stalker x2  
  150  15:08  Archon x4  
  150  15:09  Archon  
  150  15:12  High Templar x5  
  150  15:13  High Templar  
  162  15:17  Archon x3  
  162  15:33  High Templar x5  
  162  15:34  High Templar x3  
  178  15:37  Archon x3  
  178  15:38  Archon  
  178  15:42  Gateway  
  178  15:47  Photon Cannon  
  178  15:49  Photon Cannon  
  178  16:16  Stalker x2  
  178  16:17  Stalker x6  
  178  16:18  Stalker x2  
  160  16:33  Stalker x4  
  167  16:42  High Templar  
  167  16:43  High Templar x4  
  167  16:44  High Templar  
  167  16:47  Archon x2  
  171  16:48  Archon  
  171  17:04  High Templar x2  
  171  17:05  High Templar x2  
  179  17:13  Archon  
  157  18:18  Pylon  
  152  18:23  Pylon x2  
  152  18:26  Pylon  
  152  18:27  Pylon  
  150  18:36  Pylon  
  124  18:47  Stalker x3  
  124  18:48  Stalker  
  132  19:29  Pylon  
  132  19:31  Pylon  
  132  19:32  Archon  
  132  19:33  Pylon, Archon x3  
  132  19:34  Pylon  
  132  19:38  Pylon  
  132  19:40  Pylon  
  116  19:51  High Templar x5  
  118  20:03  Archon x3  
  94  20:29  Cybernetics Core  
  94  20:31  Gateway  
  94  20:34  Gateway  
  94  20:42  Pylon  
  93  21:00  Nexus, Gateway  
  93  21:01  Gateway  
  93  21:04  Assimilator  
  93  21:05  Gateway  
  93  21:08  Assimilator  
  93  21:11  Pylon  
  93  21:30  Pylon  
Tags
 
Add a new tag
Caveats
  • Supply blocks, unpowered buildings, or Contaminate may cause inaccurate times.
  • Supply counts are checked every 10 seconds.